Map: Blackpink LE

Players

IlIlIlIlIlII - Winner!

  • Race: Protoss Protoss
  • League: Master
  • Spawn Location: 1:00

RosaMelcacho

  • Race: Zerg Zerg
  • League: Master
  • Spawn Location: 7:00

VOD

Have the link to the VOD?

Description

standard

Time

  • Played on: Jan. 21, 2018, 5:22 p.m.
  • Length: 10:16
Show
View Real Time Build Order
Export as new Build Order

IlIlIlIlIlII Protoss - Winner!

Build Orders: 1 Gate Expand, Oracle Opening, Phoenix Opening 

Get SALT Encoding   

  12  0:01  Probe  
  13  0:13  Probe  
  14  0:20  Pylon  
  14  0:25  Probe  
  15  0:38  Probe (Chrono Boost)  
  16  0:45  Gateway  
  16  0:47  Probe (Chrono Boost), Assimilator  
  17  0:52  Probe  
  18  1:04  Probe  
  19  1:16  Probe  
  20  1:23  Nexus  
  20  1:33  Cybernetics Core  
  20  1:35  Probe  
  21  1:43  Assimilator  
  21  1:47  Probe  
  21  1:49  Pylon  
  22  1:59  Probe  
  23  2:08  Adept (Chrono Boost)  
  23  2:11  Probe  
  26  2:22  Stargate  
  26  2:23  Probe  
  26  2:27  Adept (Chrono Boost)  
  29  2:32  Probe  
  29  2:36  Probe  
  31  2:40  Probe, Warp Gate  
  32  2:47  Adept (Chrono Boost)  
  32  2:48  Probe  
  32  2:49  Probe  
  36  3:00  Probe  
  36  3:02  Probe  
  38  3:07  Oracle (Chrono Boost)  
  38  3:12  Probe  
  42  3:13  Pylon  
  42  3:14  Probe  
  43  3:24  Probe  
  43  3:26  Probe  
  43  3:36  Probe, Phoenix (Chrono Boost)  
  43  3:38  Probe  
  43  3:39  Assimilator  
  47  3:43  Assimilator  
  47  3:47  Gateway x2  
  47  3:50  Probe x2  
  47  3:54  Oracle (Chrono Boost)  
  52  4:02  Probe x2  
  54  4:04  Pylon  
  54  4:11  Robotics Facility  
  54  4:20  Pylon  
  54  4:22  Probe x2  
  56  4:34  Probe x2  
  58  4:43  Adept x3  
  64  4:46  Probe x2  
  66  4:55  Nexus, Pylon  
  66  4:57  Pylon  
  66  5:05  Probe x2  
  68  5:11  Forge  
  68  5:12  Robotics Bay  
  68  5:16  Adept  
  68  5:17  Adept, Probe x2, Sentry  
  72  5:24  Shield Battery  
  72  5:29  Probe x2  
  74  5:41  Adept x3, Probe x2  
  78  5:44  Pylon  
  78  5:49  Protoss Ground Weapons Level 1 (Chrono Boost)  
  78  5:53  Probe x2  
  80  6:00  Colossus (Chrono Boost)  
  80  6:04  Extended Thermal Lance  
  86  6:05  Probe x2  
  86  6:07  Probe  
  89  6:16  Sentry x2  
  89  6:17  Sentry  
  95  6:20  Pylon  
  95  6:22  Gateway x2  
  95  6:33  Gateway  
  95  6:36  Colossus (Chrono Boost), Gateway  
  95  6:38  Gateway  
  101  6:47  Stalker x3  
  101  6:51  Pylon  
  101  6:52  Pylon  
  107  6:56  Pylon  
  107  6:57  Pylon  
  107  7:11  Stalker x3  
  113  7:19  Warp Prism (Chrono Boost)  
  112  7:34  Stalker x6  
  112  7:35  Stalker x2  
  128  7:37  Protoss Ground Armor Level 1 (Chrono Boost)  
  128  7:38  Pylon  
  128  7:40  Pylon  
  128  7:46  Assimilator  
  128  7:48  Assimilator  
  128  8:00  Adept x7  
  128  8:01  Adept  
  144  8:23  Adept x8  
  120  8:55  Stalker x2  
  120  8:56  Stalker x6  
  120  8:57  Immortal (Chrono Boost)  
  120  9:00  Twilight Council  
  138  9:24  Nexus  
  138  9:27  Pylon  
  128  9:40  Stalker x8  
  112  10:07  Zealot x4  
  112  10:08  Zealot x3  
  112  10:09  Zealot  
Show
View Real Time Build Order
Export as new Build Order

RosaMelcacho Zerg 

Build Orders: Hatch First, Lurkers 

Get SALT Encoding   

  12  0:00  Drone  
  13  0:13  Overlord  
  13  0:18  Drone  
  14  0:32  Drone x2  
  16  0:36  Drone  
  17  0:52  Hatchery  
  17  0:57  Drone  
  17  0:59  Drone  
  17  1:03  Extractor  
  17  1:15  Spawning Pool  
  16  1:21  Drone x2  
  18  1:29  Drone  
  19  1:39  Overlord  
  19  1:51  Drone  
  20  2:02  Queen  
  20  2:03  Zergling x2  
  20  2:04  Queen  
  20  2:06  Metabolic Boost  
  25  2:09  Drone  
  25  2:12  Drone  
  27  2:16  Drone  
  28  2:23  Drone  
  28  2:27  Drone  
  30  2:37  Zergling x2  
  30  2:40  Hatchery  
  30  2:47  Queen  
  32  2:52  Zergling x2  
  32  2:54  Overlord  
  32  2:57  Drone  
  34  2:59  Drone  
  34  3:05  Drone  
  36  3:10  Overlord  
  36  3:13  Drone x2  
  36  3:14  Drone x2  
  40  3:21  Spore Crawler, Drone  
  38  3:32  Zergling x6  
  40  3:35  Spore Crawler, Drone x2  
  40  3:39  Queen  
  43  3:45  Drone x2  
  43  3:46  Drone  
  43  3:47  Drone  
  47  3:51  Drone  
  48  3:58  Drone x4  
  52  4:04  Overlord  
  52  4:07  Overlord  
  52  4:21  Overlord  
  52  4:28  Drone x10  
  52  4:29  Drone  
  52  4:31  Lair  
  63  4:38  Zergling x2  
  64  4:42  Zergling x4, Baneling Nest  
  64  4:43  Extractor  
  64  4:45  Spore Crawler  
  63  4:46  Zergling x8  
  63  4:51  Zergling x6  
  71  4:52  Zergling x2  
  71  4:57  Overlord  
  71  4:58  Overlord  
  71  4:59  Overlord  
  68  5:08  Drone x2  
  68  5:09  Drone  
  67  5:22  Drone x2  
  67  5:23  Drone x3  
  67  5:27  Drone x2, Extractor  
  67  5:28  Drone x2  
  75  5:29  Extractor  
  75  5:31  Drone  
  75  5:32  Hydralisk Den, Drone x2  
  75  5:33  Drone  
  70  5:43  Drone x2  
  70  5:44  Overlord  
  70  5:45  Drone x2  
  70  5:48  Extractor  
  70  5:49  Extractor  
  72  5:51  Hatchery  
  72  5:55  Drone x5  
  76  5:57  Drone  
  76  6:02  Overlord  
  76  6:03  Hydralisk x5  
  83  6:06  Hydralisk  
  89  6:19  Hydralisk  
  89  6:20  Hydralisk x2  
  89  6:22  Overlord x4  
  96  6:25  Drone  
  96  6:28  Evolution Chamber  
  96  6:31  Queen, Drone  
  96  6:32  Drone x3  
  99  6:43  Drone  
  99  6:45  Lurker Den  
  99  6:48  Hydralisk x5, Extractor  
  99  6:49  Extractor  
  99  6:53  Muscular Augments  
  107  6:58  Drone x3  
  107  7:01  Zerg Missile Weapons Level 1, Drone x2  
  112  7:03  Drone  
  112  7:04  Drone x3  
  116  7:11  Drone x3  
  119  7:17  Overlord x2  
  119  7:24  Hydralisk x4  
  119  7:25  Hydralisk  
  129  7:38  Overlord  
  129  7:39  Hydralisk x6  
  129  7:40  Zergling x4  
  129  7:41  Zergling x4  
  129  7:42  Overseer  
  144  7:50  Hydralisk x4  
  152  7:53  Zergling x4  
  152  7:58  Zergling x10  
  158  8:02  Overlord  
  159  8:07  Hydralisk  
  159  8:11  Lurker x6  
  159  8:12  Zergling x2  
  166  8:13  Zergling x2  
  166  8:17  Lurker  
  166  8:19  Overlord x2  
  168  8:21  Overlord  
  168  8:25  Overlord  
  166  8:29  Hydralisk x2  
  153  8:43  Hydralisk x4  
  153  8:44  Hydralisk x2  
  153  8:48  Hydralisk x2  
  146  8:49  Hydralisk x6  
  146  8:53  Zergling x2  
  144  8:57  Lurker  
  144  8:58  Lurker  
  144  8:59  Drone x2  
  144  9:00  Drone  
  149  9:08  Lurker x2  
  149  9:09  Hydralisk  
  147  9:10  Hatchery  
  147  9:12  Extractor  
  147  9:14  Hydralisk x2, Extractor  
  148  9:19  Hydralisk  
  148  9:20  Hydralisk  
  148  9:21  Queen  
  151  9:28  Zergling x2  
  137  9:35  Zergling x18  
  137  9:36  Zergling x14  
  133  9:45  Hydralisk x3  
  124  9:48  Hydralisk  
  124  9:49  Hydralisk  
Tags
 
Add a new tag
Caveats
  • Supply blocks, unpowered buildings, or Contaminate may cause inaccurate times.
  • Supply counts are checked every 10 seconds.